 Dungeon Crawl Stone Soup version 0.25-a0-362-g90ccd6aac3 (webtiles) character file.

Game seed: 10554425135739712214, levelgen mode: deterministic

57 DerDa the Magician (level 3, -6/24 HPs)
             Began as a Mummy Ice Elementalist on Jan 4, 2020.
             Mangled by a gnoll
             ... wielding a +0 flail
              (13 damage)
             ... on level 1 of the Dungeon.
             The game lasted 00:04:28 (1568 turns).

DerDa the Magician (Mummy Ice Elementalist)         Turns: 1568, Time: 00:04:28

Health: -6/24      AC:  3    Str: 11    XL:     3   Next: 73%
Magic:  7/8        EV: 12    Int: 15    God:
Gold:   54         SH:  0    Dex: 12    Spells: 9/10 levels left

rFire    x . .     SeeInvis .   g - +0 whip
rCold    + . .     Gourm    .   (no shield)
rNeg     + + +     Faith    .   a - +0 robe
rPois    ∞         Spirit   .   (no helmet)
rElec    .         Reflect  .   (no cloak)
rCorr    +         Harm     .   j - +0 pair of gloves
MR       .....                  (no boots)
Stlth    ++........             (no amulet)
HPRegen  0.08/turn              (no ring)
MPRegen  0.11/turn              m - ring of resist corrosion

@: no status effects
A: no food or potions, fire vulnerability, cold resistance 1, negative energy
resistance 3, torment resistance, unbreathing
a: no special abilities


You were on level 1 of the Dungeon.
You were not hungry.

You visited 1 branch of the dungeon, and saw 2 of its levels.

You collected 54 gold pieces.

Inventory:

Hand Weapons
 g - a +0 whip (weapon)
Missiles
 b - 62 stones (quivered)
 d - 19 bolts
 e - 2 throwing nets
Armour
 a - a +0 robe (worn)
 j - a +0 pair of gloves (worn)
Jewellery
 m - a ring of resist corrosion (right hand)
Scrolls
 c - a scroll of identify
 h - 2 scrolls of fear
 i - a scroll of noise
 k - a scroll of teleportation
 l - a scroll of remove curse


   Skills:
 - Level 1.5 Dodging
 - Level 1.5 Stealth
 + Level 4.1 Spellcasting
 + Level 3.9 Ice Magic


You had 9 spell levels left.
You knew the following spells:

 Your Spells              Type           Power        Failure   Level  Hunger
a - Freeze                Ice            ##..         3%          1    N/A

Your spell library contained the following spells:

 Spells                   Type           Power        Failure   Level  Hunger
 Ozocubu's Armour         Chrm/Ice       #.......     24%         3    N/A
 Hailstorm                Conj/Ice       #.......     61%         4    N/A
 Summon Ice Beast         Ice/Summ       #.......     61%         4    N/A

Dungeon Overview and Level Annotations

Branches:
Dungeon (2/15)

Altars:
Dithmenos
Fedhas
Qazlal
Wu Jian


Innate Abilities, Weirdness & Mutations

You do not eat or drink.
Your flesh is vulnerable to fire.
You are immune to poison.
Your flesh is cold resistant. (rC+)
You are immune to negative energy. (rN+++)
You are immune to unholy pain and torment.
You can survive without breathing.


Message History

HP restored.
You climb downwards.
The gnoll hits you with a +0 whip! The gnoll hits you with a +0 flail.
The gnoll barely misses you.
There is a stone staircase leading up here.
The gnoll misses you. The gnoll hits you but does no damage.
You climb upwards.
There is a stone staircase leading down here.
The gnoll hits you with a +0 whip.
* * * LOW HITPOINT WARNING * * *
There is an open door here.
Casting: Freeze (safe; 3% risk of failure)
Confirm with . or Enter, or press ? or * to list all spells.
Aiming: Freeze (safe; 3% risk of failure)
Press: ? - help, Shift-Dir - straight line, f - gnoll
Aim: a gnoll, wielding a +0 flail You freeze the gnoll!
The gnoll is heavily wounded.
The gnoll hits you with a +0 flail!
Ouch! That really hurt!
You die...

.# #.# #.##..##.#...###.# .#
#.# #........#...#...# ## .####
#.########..####...#.#.# #.
....# #....)..)>...........#.#
#. .##.#
###......##..####.##.#.###.
###.# #......##..# #....#.....
#.# #......##..# ###########
#.#####......###.# #########
#.....'!....gg@..# #........
#######......##..######.######.
#### #......##...........####.
...# #......##.#######........
...# #......##.# #.#.##### ...#
#########.# #.#.##### ##.###
#.# #.#.##... #...# ####.##
#.#.##.## ##..#########.....#
#.#....#


You could see 2 gnolls.

Vanquished Creatures
  A gnoll (D:1)
  An adder (D:2)
  An ooze (D:2)
  A dart slug (D:1)
  A leopard gecko (D:1)
  6 bats (D:1)
  2 giant cockroaches
  4 goblins
  2 hobgoblins
  6 jackals (D:1)
  A quokka (D:2)
  A kobold (D:2)
  2 rats (D:1)
29 creatures vanquished.

Notes
Turn   | Place    | Note
-------+----------+-------------------------------------------
     0 | D:1      | DerDa the Mummy Ice Elementalist began the quest for the
                  | Orb.
     0 | D:1      | Reached XP level 1. HP: 13/13 MP: 4/4
   180 | D:1      | Reached skill level 3 in Spellcasting
   250 | D:1      | Reached XP level 2. HP: 19/19 MP: 3/6
  1028 | D:2      | Found an ornate altar of the Wu Jian Council.
  1028 | D:2      | Found a shadowy altar of Dithmenos.
  1028 | D:2      | Found a blossoming altar of Fedhas.
  1028 | D:2      | Found a stormy altar of Qazlal.
  1260 | D:2      | Reached XP level 3. HP: 24/24 MP: 1/8
  1414 | D:2      | Reached skill level 4 in Spellcasting
  1568 | D:1      | Mangled by a gnoll

Levels and vault maps discovered:
D:1:      sevenhm_arrival_forest_fort_small_3, layout_basic
D:2:      layout_loops_ring, lemuel_coloured_pillars_altar,
          chequers_temple_overflow_statue_of_worship, lemuel_round_altar,
          minitemple, first_ration, minmay_ruptured

Skill      XL: |  1  2  3 |
---------------+----------+-----
Spellcasting   | 3 4 |  4.1
Dodging        | |  1.5
Stealth        | |  1.5
Ice Magic      | |  3.9

Action                   || total
-------------------------++-------
Melee: Unarmed           ||     1
       Whip              ||    19
 Cast: Freeze            ||    65
  Use: Scroll            ||     4
Armor: Robe              ||    21
Dodge: Dodged            ||    76

Table legend:
 A = Non-vault XP
 B = Vault XP
 C = Vault XP percentage of total XP
 D = Non-vault monster count
 E = Vault monster count
 F = Vault count percentage of total count
                 A         B        C        D         E       F
            +---------+---------+-------+---------+---------+-------
      Total |      70 |      12 |  14.6 |      25 |       4 |  13.8
            +---------+---------+-------+---------+---------+-------
        D:1 |      51 |       0 |   0.0 |      21 |       0 |   0.0
        D:2 |      19 |      12 |  38.7 |       4 |       4 |  50.0
            +---------+---------+-------+---------+---------+-------
